 Dungeon Crawl Stone Soup version 0.26.1-10-gdfb7c7de75 (webtiles) character file.

Game seed: 4215406929532404288

126 tardwrangler69 the Skirmisher (level 5, -1/19 (29) HPs)
             Began as a Vine Stalker Fighter on Apr 10, 2021.
             Was a Follower of Dithmenos.
             Slain by Duvessa
             ... wielding a +2 short sword of draining
              (6 damage)
             ... on level 3 of the Dungeon.
             The game lasted 00:02:11 (2341 turns).

tardwrangler69 the Skirmisher (VSFi)                Turns: 2341, Time: 00:02:11

HP:   -1/19 (29)    AC:  6    Str: 19    XL:     5   Next: 9%
MP:   0/6           EV:  7    Int:  8    God:    Dithmenos [*.....]
Gold: 154           SH:  9    Dex: 14    Spells: 4/4 levels left

rFire    . . .     SeeInvis .   a - +0 rapier
rCold    . . .     Faith    .   c - +0 kite shield
rNeg     . . .     Spirit   +   b - +0 scale mail
rPois    .         Reflect  .   (no helmet)
rElec    .         Harm     .   (no cloak)
rCorr    .         Rampage  .   (no gloves)
Will     .....                  (no boots)
Stlth    ..........             (no amulet)
HPRegen  0.46/turn              (no ring)
MPRegen  0.10/turn              (no ring)

@: wreathed by umbra, very heavily drained
A: fangs 2, regeneration 1, magic shield, antimagic bite, no potion heal 3
a: Renounce Religion


You were on level 3 of the Dungeon.
You worshipped Dithmenos.
Dithmenos was aware of your devotion.
You visited 1 branch of the dungeon, and saw 4 of its levels.

You collected 154 gold pieces.

Inventory:

Hand Weapons
 a - a +0 rapier (weapon)
Armour
 b - a +0 scale mail (worn)
 c - a +0 kite shield (worn)
Wands
 t - a wand of flame (29)
Scrolls
 f - 5 scrolls of identify {unknown}
 g - a scroll of amnesia {unknown}
 i - a scroll of enchant weapon {unknown}
 j - 5 scrolls of remove curse {unknown}
 o - a scroll of random uselessness {unknown}
 r - a scroll of teleportation {unknown}
 s - a scroll of fog {unknown}
Potions
 d - a potion of might
 e - 2 potions of attraction {unknown}
 h - 2 potions of brilliance {unknown}
 k - 2 potions of heal wounds {unknown}
 l - 2 potions of flight {unknown}
 m - a potion of resistance {unknown}
 n - 2 potions of invisibility {unknown}
 p - 3 potions of curing {unknown}
 q - 3 potions of haste {unknown}
 u - 2 potions of ambrosia {unknown}
 v - a potion of magic {unknown}


   Skills:
 * Level 4.0 Fighting
 * Level 3.4 Short Blades
 - Level 2.4 Armour
 + Level 1.1 Stealth
 - Level 2.6 Shields


You had 4 spell levels left.
You didn't know any spells.
Your spell library contained the following spells:

 Spells                   Type           Power        Failure   Level
 Corona                   Hex            0%           100%        1
 Ensorcelled Hibernation  Hex/Ice        0%           100%        2
 Confusing Touch          Hex            0%           100%        3
 Dazzling Flash           Conj/Hex       0%           100%        3
 Tukima's Dance           Hex            0%           100%        3


Dungeon Overview and Level Annotations

Branches:
Dungeon (4/15)
 Temple: D:4-7

Altars:
Dithmenos
Sif Muna

Annotations:
D:3 Dowan, Duvessa


Innate Abilities, Weirdness & Mutations

You have extremely sharp teeth.
Your natural rate of healing is unusually fast.
When hurt, damage is shared between your health and your magic reserves.
Your bite disrupts and absorbs the magic of your enemies.
Potions cannot restore your health.


Message History

Duvessa is heavily wounded.
Duvessa hits you with a +2 short sword of draining!
* * * LOW HITPOINT WARNING * * *
You feel drained.
* * * LOW HITPOINT WARNING * * *
You block Duvessa's attack.
Dowan mumbles some strange words.
Dowan blinks!
Aiming: Throw Flame
Press: ? - help, Shift-Dir - straight line, f - Duvessa
Aim: Duvessa, wielding a +2 short sword of draining and wearing a cursed +0 ring mail (heavily wounded, fast, umbra, 23% to evade)
The puff of flame hits Duvessa.
Duvessa is severely wounded.
You block Duvessa's attack.
Aiming: Throw Flame
Press: ? - help, Shift-Dir - straight line, f/p - Duvessa
Aim: Duvessa, wielding a +2 short sword of draining and wearing a cursed +0 ring mail (severely wounded, fast, umbra, 23% to evade)
The puff of flame misses Duvessa.
Duvessa hits you with a +2 short sword of draining!
You die...

#.#..# ######## #.
#....# #######. ##.###
########....... #.#
#.)............ #.#
#........†#.#.#
###.#####....÷....#..##
#.....§##.........#...#
#.#.##e##......(..#....
#.#.##@##.............>
#...##.##.[....(#......
#..###.########.####.#.
#..###.# #.# #.#.
#......########÷####.#.
##.###.......#.......#.
#........##.#.......#.
#####.##.##.#...##.##.
#.##..............


You could see Duvessa (fast).

Vanquished Creatures
  5 adders
  2 oozes
  A dart slug (D:1)
  2 leopard geckos
  2 orcs (D:3)
  6 giant cockroaches
  3 goblins
  4 hobgoblins
  4 jackals (D:3)
  8 kobolds
  3 quokkas
  2 ball pythons (D:2)
  11 bats
  8 frilled lizards
  7 rats
68 creatures vanquished.

Notes
Turn   | Place    | Note
-------+----------+-------------------------------------------
     0 | D:1      | tardwrangler69 the Vine Stalker Fighter began the quest for
                  | the Orb.
     0 | D:1      | Reached XP level 1. HP: 11/11 MP: 2/2
    59 | D:1      | Reached skill level 3 in Fighting
    59 | D:1      | Reached XP level 2. HP: 14/16 MP: 1/3
   525 | D:1      | Reached XP level 3. HP: 20/20 MP: 4/4
   701 | D:2      | Found a shadowy altar of Dithmenos.
   867 | D:2      | Found a shimmering blue altar of Sif Muna.
  1486 | D:3      | Gained mutation: Your natural rate of healing is unusually
                  | fast. [Vine Stalker growth]
  1486 | D:3      | Reached XP level 4. HP: 25/25 MP: 5/5
  1534 | D:2      | Became a worshipper of Dithmenos the Shadowed
  2030 | D:3      | Reached * piety under Dithmenos
  2069 | D:3      | Reached skill level 1 in Stealth
  2281 | D:4      | Noticed Duvessa
  2281 | D:4      | Noticed Dowan
  2290 | D:3      | Reached XP level 5. HP: 26/26 MP: 2/6
  2295 | D:3      | Reached skill level 4 in Fighting
  2341 | D:3      | Slain by Duvessa

Illustrated notes

Levels and vault maps discovered:
D:1:      ncdulo_smallfort, layout_rooms, minmay_misc_feat_four_crosses
D:2:      layout_loops_ring, nicolae_overflow_crystal_walls,
          lemuel_blue_sif_altar, nrook_campfire, kennysheep_pointless_box
D:3:      layout_loops_cross
D:4:      layout_loops_ring, overflow_temple_1_default, serial_shops, shop,
          guppyfry_early_orc_mine, uniq_duvessa, uniq_ijyb

Skill      XL: |  1  2  3  4  5 |
---------------+----------------+-----
Fighting       | 3 4 |  4.0
Short Blades   | 2 3 |  3.4
Stealth        | 1 |  1.1
Armour         | |  2.4
Shields        | |  2.6

Action                   |  1- 3 |  4- 6 || total
-------------------------+-------+-------++-------
Melee: Rapier            |    82 |    85 ||   167
       Bite              |    20 |    19 ||    39
Evoke: Wand              |       |     2 ||     2
Armor: Scale mail        |    30 |    36 ||    66
Dodge: Dodged            |    23 |    27 ||    50
Block: Kite shield       |    35 |    57 ||    92
